Map: Neon Violet Square LE

Players

Paradise

  • Race: Terran Terran
  • League: Master
  • Spawn Location: 5:00

NORTHAMERICA - Winner!

  • Race: Protoss Protoss
  • League: Grandmaster
  • Spawn Location: 11:00

VOD

Have the link to the VOD?

Description

Time

  • Played on: May 2, 2018, 12:31 a.m.
  • Length: 14:47
Show
View Real Time Build Order
Export as new Build Order

Paradise Terran 

Build Orders: Cyclone Opening, Reaper Expand, MMM Bio 

Get SALT Encoding   

  12  0:00  SCV  
  13  0:13  SCV  
  14  0:17  Supply Depot  
  14  0:25  SCV  
  15  0:29  Refinery  
  15  0:39  SCV  
  16  0:45  Barracks  
  16  0:53  SCV  
  17  1:05  SCV  
  18  1:17  SCV  
  19  1:32  Orbital Command  
  19  1:33  Reaper  
  20  1:45  Command Center  
  20  1:58  Factory  
  20  2:03  SCV  
  20  2:07  Barracks Reactor  
  21  2:13  Refinery  
  21  2:15  SCV  
  22  2:23  Supply Depot  
  22  2:27  SCV  
  23  2:42  SCV  
  23  2:45  Cyclone, Marine x2  
  23  2:49  Supply Depot  
  28  2:58  SCV  
  28  3:02  Marine x2  
  30  3:12  Supply Depot  
  30  3:14  Starport  
  30  3:20  Marine  
  31  3:33  Liberator  
  31  3:34  Cyclone  
  34  3:37  Command Center  
  34  3:43  Marine  
  38  3:57  Supply Depot  
  38  4:03  SCV  
  39  4:17  Factory Tech Lab  
  39  4:19  Marine x2  
  41  4:27  SCV  
  41  4:30  Supply Depot  
  42  4:33  Medivac  
  44  4:42  Siege Tank  
  47  4:48  Marine x2  
  49  4:55  Orbital Command  
  49  5:01  SCV  
  50  5:08  Marine x2  
  49  5:25  Viking  
  49  5:28  Siege Tank, Marine x2  
  55  5:47  Marine  
  56  5:53  Barracks  
  56  5:54  Orbital Command  
  56  5:55  Starport Tech Lab  
  56  6:00  Siege Tank  
  56  6:01  Barracks  
  59  6:10  SCV  
  54  6:26  SCV x2  
  54  6:29  Marine x2  
  61  6:39  Factory Reactor  
  50  6:40  SCV x2  
  50  6:41  Starport Reactor  
  52  6:48  Marine x2  
  52  6:51  Engineering Bay  
  52  6:52  SCV x2  
  52  6:53  Marauder, Stimpack  
  58  7:04  SCV x2  
  58  7:05  Combat Shields  
  58  7:06  Marauder, Refinery  
  62  7:16  SCV x2, Terran Infantry Weapons Level 1  
  62  7:19  Supply Depot  
  62  7:22  Marauder  
  66  7:28  SCV  
  66  7:29  SCV  
  68  7:32  Refinery  
  68  7:36  Marauder  
  70  7:40  Marine x2  
  70  7:41  Supply Depot  
  70  7:42  Supply Depot  
  72  7:46  SCV x2  
  72  7:49  Medivac  
  76  7:52  Medivac  
  78  8:02  Marauder x2, Marine  
  78  8:03  Marine  
  84  8:06  SCV x2  
  84  8:10  Supply Depot  
  86  8:18  SCV x2  
  88  8:20  Medivac  
  88  8:22  Medivac  
  92  8:32  Marine  
  93  8:35  Marauder x2  
  93  8:36  Widow Mine  
  99  8:51  Widow Mine  
  101  9:03  SCV  
  102  9:10  SCV  
  102  9:15  Missile Turret, Bunker  
  102  9:19  Liberator x2  
  102  9:29  Bunker  
  102  9:30  Bunker  
  102  9:36  Widow Mine  
  102  9:37  Supply Depot  
  102  9:38  Supply Depot  
  110  9:58  Marine x2  
  110  9:59  Marauder x2, Widow Mine  
  120  10:00  Widow Mine  
  120  10:02  Liberator x2  
  120  10:03  Missile Turret  
  104  10:20  Widow Mine  
  88  10:36  Widow Mine  
  88  10:42  Widow Mine  
  84  10:44  Liberator  
  84  10:47  Marauder x2, Marine x2  
  90  10:52  Barracks  
  85  11:07  Widow Mine  
  87  11:17  Marine x2  
  87  11:18  Marauder x2  
  87  11:21  Barracks  
  87  11:25  Liberator  
  85  11:27  Liberator  
  85  11:30  SCV x2  
  87  11:35  Terran Infantry Armor Level 1  
  87  11:43  Barracks Reactor  
  87  11:44  Concussive Shells  
  87  11:45  Marauder  
  94  12:02  Marauder, Marine x2  
  94  12:03  Widow Mine x2  
  94  12:05  SCV  
  94  12:07  Marauder  
  105  12:26  Barracks Reactor  
  105  12:28  Marauder, Barracks Tech Lab, Marine x2  
  105  12:29  Marauder, Marine x2  
  113  12:30  Medivac  
  113  12:32  Medivac  
  117  12:40  Supply Depot  
  117  12:41  Supply Depot  
  117  12:45  Widow Mine x2  
  117  12:49  Marauder  
  123  12:56  Marauder  
  125  13:02  Marauder  
  118  13:14  Marauder, Marine x2  
  118  13:17  Marauder  
  120  13:27  Marine x2, Widow Mine x2  
  120  13:28  Marauder  
  120  13:32  Marine  
  123  13:36  Marauder  
  124  14:01  Marine  
  124  14:02  Marauder x3, Marine x2  
  119  14:23  Marauder x2  
Show
View Real Time Build Order
Export as new Build Order

NORTHAMERICA Protoss - Winner!

Build Orders:  

Get SALT Encoding   

  12  0:01  Probe  
  13  0:13  Probe  
  14  0:19  Pylon  
  14  0:25  Probe  
  15  0:37  Probe  
  15  0:42  Gateway  
  17  0:50  Probe  
  17  0:53  Assimilator  
  17  1:00  Pylon  
  17  1:02  Probe  
  18  1:14  Probe  
  19  1:19  Gateway  
  19  1:26  Probe  
  19  1:31  Cybernetics Core  
  20  1:38  Probe  
  21  1:42  Zealot  
  23  1:50  Probe  
  24  1:55  Assimilator  
  24  1:57  Stalker  
  24  2:03  Stalker, Pylon  
  28  2:17  Warp Gate  
  28  2:20  Probe  
  28  2:21  Stalker  
  31  2:42  Pylon  
  31  2:47  Stalker  
  31  2:49  Probe  
  34  3:01  Shield Battery  
  34  3:04  Stalker  
  36  3:34  Nexus  
  36  3:41  Stargate  
  36  3:45  Probe  
  37  3:57  Probe  
  37  4:01  Pylon  
  38  4:09  Probe  
  39  4:13  Oracle  
  39  4:21  Probe  
  43  4:33  Probe  
  43  4:36  Shield Battery  
  44  4:39  Sentry  
  44  4:42  Oracle  
  44  4:44  Gateway  
  47  4:45  Probe  
  47  4:52  Probe  
  51  4:57  Probe  
  52  5:02  Stalker  
  52  5:04  Probe  
  55  5:09  Probe  
  55  5:13  Probe, Stalker  
  57  5:21  Probe  
  57  5:22  Probe  
  57  5:28  Phoenix  
  59  5:30  Probe  
  59  5:34  Probe  
  61  5:41  Shield Battery  
  63  5:46  Probe  
  64  5:51  Probe  
  64  5:54  Stalker  
  64  5:55  Zealot  
  69  5:58  Probe  
  69  5:59  Pylon  
  69  6:02  Forge  
  70  6:10  Pylon  
  70  6:12  Phoenix  
  70  6:17  Probe  
  73  6:23  Probe  
  68  6:25  Assimilator  
  68  6:29  Assimilator  
  68  6:30  Protoss Ground Armor Level 1  
  68  6:31  Phoenix  
  68  6:38  Twilight Council  
  70  6:44  Nexus  
  70  6:48  Probe  
  70  6:50  Probe  
  72  6:57  Phoenix  
  72  7:00  Probe  
  75  7:02  Probe  
  75  7:04  Charge  
  75  7:06  Pylon  
  76  7:08  Zealot  
  78  7:20  Gateway  
  78  7:23  Gateway  
  78  7:24  Probe  
  78  7:26  Phoenix  
  78  7:27  Gateway  
  81  7:31  Sentry  
  81  7:35  Probe  
  81  7:36  Probe  
  85  7:44  Pylon  
  85  7:47  Probe  
  85  7:49  Phoenix  
  88  8:01  Probe x2, Robotics Facility  
  88  8:03  Probe  
  88  8:04  Pylon  
  91  8:05  Phoenix  
  91  8:09  Assimilator  
  91  8:13  Assimilator  
  93  8:20  Protoss Ground Armor Level 2  
  93  8:22  Sentry  
  93  8:26  Phoenix  
  95  8:27  Gateway  
  95  8:29  Gateway  
  95  8:30  Templar Archives  
  97  8:46  Zealot x3  
  103  8:55  Immortal  
  107  9:01  Zealot  
  107  9:02  Zealot  
  111  9:05  Zealot  
  111  9:13  Zealot x2  
  111  9:14  Zealot  
  117  9:21  Pylon  
  117  9:28  Pylon  
  117  9:33  Pylon  
  117  9:35  Pylon  
  117  9:36  Pylon  
  117  9:40  High Templar  
  117  9:41  High Templar x3  
  117  9:42  Pylon  
  117  9:45  Archon x2  
  125  9:46  High Templar  
  125  9:47  High Templar  
  125  9:51  Archon  
  125  9:52  Zealot x2  
  113  10:15  Zealot x3  
  113  10:16  Zealot x3  
  113  10:17  Immortal  
  115  10:33  Zealot x2  
  103  10:38  Zealot  
  103  10:39  Zealot x4  
  99  10:46  Void Ray  
  101  11:01  Probe  
  101  11:02  Probe  
  99  11:09  Zealot x4  
  99  11:10  Zealot x2  
  111  11:11  High Templar x2  
  111  11:16  Archon  
  111  11:17  Probe  
  116  11:30  High Templar x4  
  116  11:31  High Templar  
  116  11:32  High Templar  
  128  11:35  Archon x3  
  128  11:39  Blink  
  128  11:46  Zealot  
  128  11:47  Zealot  
  132  11:51  Psionic Storm  
  132  11:53  Nexus  
  132  11:59  Probe  
  123  12:05  Assimilator  
  123  12:07  Warp Prism  
  125  12:11  High Templar x2  
  129  12:16  Pylon  
  129  12:17  Zealot x3  
  129  12:19  Zealot  
  137  12:23  High Templar  
  139  12:33  Probe  
  139  12:34  Stalker  
  139  12:36  Probe  
  143  12:38  High Templar  
  143  12:40  Pylon  
  143  12:43  Probe  
  146  12:48  Void Ray  
  146  12:52  Probe  
  151  13:01  Assimilator  
  151  13:08  Probe  
  151  13:09  Assimilator  
  151  13:10  Probe  
  151  13:12  Probe  
  154  13:17  Probe  
  154  13:18  High Templar  
  154  13:19  Immortal  
  159  13:20  Stalker x2, Zealot  
  159  13:21  Zealot x2, High Templar  
  165  13:42  Zealot x4  
  171  13:56  Stalker x3  
  171  13:59  Immortal  
  171  14:02  Probe, Pylon  
  180  14:05  Probe  
  180  14:09  High Templar x3  
  187  14:19  Zealot x3  
  183  14:25  Zealot  
  183  14:26  Zealot  
  149  14:45  Zealot x3  
Tags
 
Add a new tag
Caveats
  • Supply blocks, unpowered buildings, or Contaminate may cause inaccurate times.
  • Supply counts are checked every 10 seconds.